 Dungeon Crawl Stone Soup version 0.14.1-9-g552248a (webtiles) character file.

191 Bogabada the Shield-Bearer (level 4, -2/29 HPs)
             Began as a Gargoyle Fighter on May 21, 2014.
             Was an Initiate of Makhleb.
             Killed by nerve-wracking pain
             ... invoked by Grinder
              (5 damage)
             ... on Level 3 of the Dungeon on May 22, 2014.
             The game lasted 00:14:59 (2516 turns).

Bogabada the Shield-Bearer (Gargoyle Fighter)       Turns: 2516, Time: 00:14:59

HP  -2/29        AC 11     Str 20      XL: 4   Next: 95%
MP   4/4         EV  6     Int  9      God: Makhleb [......]
Gold 79          SH 19     Dex  9      Spells:  0 memorised,  3 levels left

rFire  . . .     SeeInvis .     a - +0 flail
rCold  . . .     Clarity  .     b - +0 scale mail
rNeg   + . .     Conserve .     c - +0 shield
rPois  +         rCorr    .     (no helmet)
rElec  +         rRot     +     j - +0 cloak {+Inv}
SustAb . .       Spirit   .     (no gloves)
rMut   .         Warding  .     (no boots)
Saprov . . .     Stasis   .     (no amulet)
MR     .....                    (no ring)
                                (no ring)

@: not resistant to hostile enchantments, extremely unstealthy
A: life protection 1, electricity resistance, unbreathing, petrification
resistance, AC +3
a: Renounce Religion, Evoke Invisibility


You were on level 3 of the Dungeon.
You worshipped Makhleb.
Makhleb was noncommittal.
You were not hungry.

You visited 1 branch of the dungeon, and saw 3 of its levels.

You collected 79 gold pieces.

Inventory:

Hand weapons
 a - a +0,+0 flail (weapon)
 i - a cursed +0,-1 mace
 q - a +0,+0 dagger
Missiles
 m - 20 bolts
Armour
 b - a +0 scale mail (worn)
 c - a +0 shield (worn)
 j - a +0 cloak of darkness (worn)
Magical devices
 f - a wand of slowing (10)
Comestibles
 d - 3 bread rations
 h - a meat ration
 r - a pear
 v - a rambutan
Scrolls
 k - a scroll of enchant weapon I {unknown}
 o - a scroll of identify {unknown}
 t - a scroll of amnesia {unknown}
 u - a scroll of magic mapping {unknown}
 w - 2 scrolls of enchant weapon II {unknown}
Jewellery
 n - a +4 ring of intelligence {unknown}
 p - an uncursed ring of see invisible {unknown}
Potions
 e - a potion of might
 g - a potion of magic
 l - a potion of curing {unknown}
 s - a potion of haste {unknown}
 x - a potion of paralysis {unknown}


   Skills:
 + Level 3.7 Fighting
 * Level 2.9 Maces & Flails
 + Level 4.0 Armour
 + Level 1.2 Dodging
 - Level 0.2 Stealth
 + Level 4.3 Shields


You had 3 spell levels left.
You didn't know any spells.

Dungeon Overview and Level Annotations

Branches:
Dungeon (3/15)

Altars:
Makhleb
Xom

Annotations:
D:3 Grinder


Innate Abilities, Weirdness & Mutations

You are resistant to torment.
You are immune to poison.
You are immune to rotting.
Your stone body is very resilient (AC +3).
You resist negative energy.
You are resistant to electric shocks.
You can survive without breathing.
You are immune to petrification.


Message History

Pain shoots through your body!
Grinder zaps a wand.
The puff of flame hits you!
Grinder zaps a wand.
The puff of flame hits you!
You hit Grinder.
Grinder is lightly wounded.
Grinder gestures at you.
You suddenly lose the ability to move!
Grinder gestures at you. Pain shoots through your body!
* * * LOW HITPOINT WARNING * * *
Grinder hits you but does no damage.
Grinder zaps a wand.
Helpless, you fail to dodge the puff of flame.
Grinder zaps a wand.
The puff of flame hits you!
* * * LOW HITPOINT WARNING * * *
You can move again.
Magic courses through your body.
It was a potion of magic.
Grinder gestures at you. Pain shoots through your body!
You die...

###########
#>.........
#.######.###########..
#.[........@5......)..
########.####.######..
##### #.# #.# #...#
#.# #.# #...# #.#
#.......... #...# #.#
#.....ยง... #...# #.#
#.........
#(..###.###.........
#.................5


You could see Grinder.

Vanquished Creatures
  Terence (D:3)
  4 adders
  A giant mite (D:3)
  A worm (D:2)
  5 giant geckos
  A ball python (D:2)
  3 bats (D:1)
  5 goblins
  4 hobgoblins
  6 jackals (D:1)
  A quokka (D:2)
  A giant newt (D:1)
  12 kobolds
  3 rats
48 creatures vanquished.

Notes
Turn   | Place    | Note
--------------------------------------------------------------
     0 | D:1      | Bogabada, the Gargoyle Fighter, began the quest for the Orb.
     0 | D:1      | Reached XP level 1. HP: 14/14 MP: 1/1
    88 | D:1      | Reached XP level 2. HP: 16/19 MP: 2/2
   478 | D:1      | Reached XP level 3. HP: 9/23 MP: 3/3
   910 | D:1      | Found a shimmering altar of Xom.
   910 | D:1      | Found a shimmering altar of Xom.
   910 | D:1      | Found a shimmering altar of Xom.
   910 | D:1      | Found a shimmering altar of Xom.
   928 | D:1      | Found a shimmering altar of Xom.
  1367 | D:2      | Reached skill level 4 in Shields
  1548 | D:2      | Reached XP level 4. HP: 28/28 MP: 4/4
  1833 | D:2      | Found a burning altar of Makhleb.
  1858 | D:2      | Became a worshipper of Makhleb the Destroyer
  2186 | D:3      | Reached skill level 1 in Dodging
  2441 | D:3      | Noticed Terence
  2449 | D:3      | Killed Terence
  2493 | D:3      | Noticed Grinder
  2512 | D:3      | Paralysed by Grinder for 4 turns
  2516 | D:3      | Killed from afar by Grinder

Action                   |  1- 3 |  4- 6 || total
-------------------------+-------+-------++-------
Melee: Flail             |   151 |    70 ||   221
  Use: Scroll            |       |     1 ||     1
       Potion            |       |     1 ||     1
